 Dungeon Crawl Stone Soup version 0.24.0-10-g970556be89 (webtiles) character file.

Game seed: 14925745495062603679, levelgen mode: deterministic

394 Krapule the Caller (level 6, 0/47 HPs)
             Began as a Barachi Summoner on Nov 3, 2019.
             Killed by divine providence
             ... invoked by an orc priest
              (10 damage)
             ... on level 4 of the Dungeon.
             The game lasted 00:20:46 (4173 turns).

Krapule the Caller (Barachi Summoner)               Turns: 4173, Time: 00:20:47

Health: 0/47       AC:  4    Str: 12    XL:     6   Next: 82%
Magic:  12/12      EV: 13    Int: 15    God:
Gold:   100        SH:  0    Dex: 12    Spells: 9/13 levels left

rFire    + . .     SeeInvis .   s - +0 long sword
rCold    . . .     Gourm    .   (no shield)
rNeg     . . .     Faith    .   a - +0 robe
rPois    .         Spirit   .   l - +0 helmet
rElec    .         Reflect  .   (no cloak)
rCorr    .         Harm     .   j - +0 pair of gloves
MR       .....                  (no boots)
Stlth    ++........             (no amulet)
HPRegen  0.15/turn              t - ring of protection from fire
MPRegen  0.13/turn              (no ring)

@: slowed, lightly drained, very slow
A: +LOS, swims, slowness 1, strong legs 1
a: Hop


You were on level 4 of the Dungeon.
You were hungry.

You visited 1 branch of the dungeon, and saw 4 of its levels.

You collected 100 gold pieces.

Inventory:

Hand Weapons
 s - a +0 long sword (weapon)
Missiles
 e - 8 boomerangs (quivered)
Armour
 a - a +0 robe (worn)
 j - a +0 pair of gloves (worn)
 l - a +0 helmet (worn)
Jewellery
 t - a ring of protection from fire (left hand)
 w - an uncursed amulet of harm
Wands
 v - a wand of iceblast (4)
 x - a wand of disintegration (9)
Scrolls
 f - a scroll of magic mapping {unknown}
 g - a scroll of enchant weapon {unknown}
 i - 3 scrolls of identify
 n - 2 scrolls of remove curse
 o - a scroll of random uselessness {unknown}
 p - 2 scrolls of teleportation {unknown}
 q - 2 scrolls of fear {unknown}
 r - 2 scrolls of immolation {unknown}
Potions
 b - 4 potions of might
 d - a potion of lignification
 h - a potion of curing
 k - 5 potions of heal wounds
 m - 3 potions of haste
 z - a potion of ambrosia {unknown}
Comestibles
 c - 4 rations
 u - 3 chunks of flesh


   Skills:
 + Level 3.6(3.2) Fighting
 + Level 3.6(3.2) Armour
 + Level 4.1(3.8) Dodging
 - Level 2.0(1.7) Stealth
 + Level 4.0(3.6) Spellcasting
 - Level 5.0(4.6) Summonings


You had 9 spell levels left.
You knew the following spells:

 Your Spells              Type           Power        Failure   Level  Hunger
a - Summon Small Mammal   Summ           ###.         2%          1    None
e - Call Canine Familiar  Summ           ###.....     9%          3    ###....

Your spell library contained the following spells:

 Spells                   Type           Power        Failure   Level  Hunger
 Call Imp                 Summ           ###.....     4%          2    ##.....
 Summon Guardian Golem    Hex/Summ       #.......     22%         3    ###....
 Summon Ice Beast         Ice/Summ       #.......     58%         4    ####...
 Summon Lightning Spire   Summ/Air       #.......     58%         4    ####...


Dungeon Overview and Level Annotations

Branches:
Dungeon (4/15)
 Temple: D:4-7

Altars:
Ashenzari
Dithmenos
Kikubaaqudgha
Nemelex Xobeh


Innate Abilities, Weirdness & Mutations

Shadows flee at your approach. (+LOS)
You can swim through water.
You cover ground slowly.
You can hop short distances.


Message History

You resist with some effort.
The orc wizard points at you and mumbles some strange words.
You feel yourself slow down.
The orc wizard mumbles some strange words.
The orc wizard seems to speed up.
The orc wizard casts a spell.
The orc wizard blinks!
The orc wizard hits you but does no damage.
The orc wizard hits you with a +0 dagger.
The orc wizard misses you.
The orc wizard hits you with a +0 dagger.
An orc wizard comes into view. It is wielding a -2 dagger.
The orc wizard gestures wildly while chanting.
The orc wizard blinks!
The orc priest mumbles some strange prayers to Beogh against you.
Beogh smites you!
* * * LOW HITPOINT WARNING * * *
The orc priest invokes the aid of Beogh against you.
Beogh smites you!
You die...

#.........#####.#.#.....########
#.######### #....o....# ..######
#.#.#..#### #.#....#####
#.#.#...# ...........#
#.#.#.#.## #.#....###.##
#.#.#.#..# #.#.........#
#.#......#
#.#.........#######o#..##
######..........@.o.#...# .#
##.....######..#.#.# ##
#.....######.oo.#o####### .#
#.....##......###.##....# .#
########.......##o.#....# <####
#................# .##.#
#######..##o#....# .##.#
##.##o#....# .##.# #..#.#....#


You could see 2 orc priests and 2 orc wizards.

Vanquished Creatures
  An ogre (D:4)
  A hound (D:4)
  An orc priest (D:4)
  A bullfrog skeleton (D:4)
  A worker ant (D:3)
  3 gnolls (D:4)
  An adder (D:3)
  2 worms
  A dart slug (D:4)
  A leopard gecko (D:4)
  4 orcs
  A giant cockroach (D:1)
  2 goblins
  7 hobgoblins
  A jackal (D:1)
  7 kobolds
  A quokka (D:2)
  8 bats
  8 rats
52 creatures vanquished.

Vanquished Creatures (collateral kills)
  A scorpion (D:4)
  An orc wizard (D:4)
  Natasha (twice) (D:2)
  A gnoll (D:4)
  2 adders
  2 oozes (D:2)
  A dart slug (D:2)
  2 orcs (D:4)
  2 giant cockroaches
  5 goblins
  3 hobgoblins
  6 jackals
  3 bats
  A frilled lizard (D:2)
  4 kobolds
  A rat (D:2)
37 creatures vanquished.

Grand Total: 89 creatures vanquished

Notes
Turn   | Place    | Note
-------+----------+-------------------------------------------
     0 | D:1      | Krapule the Barachi Summoner began the quest for the Orb.
     0 | D:1      | Reached XP level 1. HP: 13/13 MP: 3/3
   584 | D:1      | Reached XP level 2. HP: 14/20 MP: 3/5
   589 | D:1      | Reached skill level 5 in Summonings
  1299 | D:2      | Reached skill level 1 in Armour
  1318 | D:2      | Reached skill level 1 in Fighting
  1319 | D:2      | Reached XP level 3. HP: 10/26 MP: 2/6
  1675 | D:2      | Learned a level 3 spell: Call Canine Familiar
  1679 | D:2      | Noticed Natasha
  1730 | D:2      | Found a sparkling altar of Nemelex Xobeh.
  1761 | D:2      | Killed Natasha
  1762 | D:2      | Reached XP level 4. HP: 27/32 MP: 1/8
  1940 | D:2      | Noticed Natasha
  1951 | D:2      | Killed Natasha
  2191 | D:2      | Found an ancient bone altar of Kikubaaqudgha.
  2511 | D:3      | Reached XP level 5. HP: 13/38 MP: 6/9
  2539 | D:3      | HP: 1/38 [poisoned by a worker ant]
  3119 | D:2      | Found a shadowy altar of Dithmenos.
  3406 | D:4      | Noticed an ogre
  3414 | D:4      | Killed an ogre
  3414 | D:4      | Reached XP level 6. HP: 47/47 MP: 6/11
  4014 | D:4      | Found a shattered altar of Ashenzari.
  4173 | D:4      | Killed from afar by an orc priest

Levels and vault maps discovered:
D:1:      nzn_arrival_crosshair, layout_loops_cross, minivault_14
D:2:      lemuel_upstairs_altar, layout_basic, marbit_many_paths,
          nemelex_dance_club_becter, uniq_natasha
D:3:      layout_loops_corners
D:4:      layout_basic, minitemple, lemuel_coloured_pillars_altar

Skill      XL: |  1  2  3  4  5  6 |
---------------+-------------------+-----
Summonings     | 5 |  5.0
Stealth        | 2 |  2.0
Armour         | 1 2 3 |  3.6
Fighting       | 1 2 3 |  3.6
Dodging        | 3 4 |  4.1
Spellcasting   | 3 4 |  4.0

Action                   |  1- 3 |  4- 6 || total
-------------------------+-------+-------++-------
Melee: Whip              |    98 |    10 ||   108
       Long sword        |       |    96 ||    96
       Spear             |       |     6 ||     6
Throw: Boomerang         |       |     2 ||     2
 Cast: Summon Small Mamm |    27 |     5 ||    32
       Call Canine Famil |     2 |    12 ||    14
Evoke: Wand              |       |     3 ||     3
  Use: Scroll            |       |     7 ||     7
 Stab: Sleeping          |     3 |     4 ||     7
       Distracted        |       |     1 ||     1
  Eat: Chunk             |     3 |    10 ||    13
Armor: Robe              |    30 |    20 ||    50
Dodge: Dodged            |    93 |   107 ||   200
       Rpst.: Long sword |       |    26 ||    26
